 Dungeon Crawl Stone Soup version 0.25-a0-737-g26c3a87c45 (webtiles) character file.

Game seed: 6419240327765006083, levelgen mode: deterministic

3788 Heliosone the Fighter (level 10, -6/84 HPs)
             Began as a Formicid Abyssal Knight on Apr 12, 2020.
             Was an Elder of Lugonu.
             Mangled by a troll (10 damage)
             ... on level 9 of the Dungeon.
             The game lasted 00:19:59 (11140 turns).

Heliosone the Fighter (Formicid Abyssal Knight)    Turns: 11140, Time: 00:20:00

Health: -6/84      AC: 12    Str: 20    XL:     10   Next: 39%
Magic:  10/11      EV:  8    Int: 11    God:    Lugonu [****..]
Gold:   444        SH:  0    Dex: 11    Spells: 9/9 levels left

rFire    + . .     SeeInvis +   a - +2 war axe (flame)
rCold    x . .     Gourm    .   (no shield)
rNeg     . . .     Faith    .   u - +0 chain mail
rPois    .         Spirit   .   (helmet unavailable)
rElec    .         Reflect  .   (no cloak)
rCorr    .         Harm     .   (no gloves)
MR       +....                  m - +0 pair of boots
Stlth    ..........             (no amulet)
HPRegen  0.24/turn              d - ring of fire
MPRegen  0.12/turn              (no ring)

@: no status effects
A: permanent stasis, dig shafts and tunnels, four strong arms, antennae 3
a: Dig, Shaft Self, Depart the Abyss, Bend Space, Banish, Corrupt, Renounce
Religion


You were on level 9 of the Dungeon.
You worshipped Lugonu.
Lugonu was greatly pleased with you.
You were hungry.

You visited 1 branch of the dungeon, and saw 9 of its levels.
You visited the Abyss 1 time.

You collected 444 gold pieces.

Inventory:

Hand Weapons
 a - a +2 war axe of flaming (weapon)
 b - a +0 hunting sling of flaming
 E - a +1 hand axe
Missiles
 f - 204 stones (quivered)
 o - 20 boomerangs
 w - 36 poisoned darts
Armour
 e - a +0 leather armour
 k - a +0 buckler
 m - a +0 pair of boots (worn)
 u - a +0 chain mail (worn)
 K - a +1 cloak
Jewellery
 d - a ring of fire (left hand)
 M - an uncursed ring of protection from magic {unknown}
Wands
 i - a wand of digging (8)
 q - a wand of random effects (21)
 J - a wand of clouds (5)
 L - a wand of disintegration (8)
Scrolls
 g - 5 scrolls of teleportation {unknown}
 h - 5 scrolls of fog {unknown}
 j - 12 scrolls of identify {unknown}
 r - a scroll of magic mapping {unknown}
 v - 3 scrolls of fear {unknown}
 y - 2 scrolls of amnesia {unknown}
 z - a scroll of blinking {unknown}
 C - a scroll of random uselessness {unknown}
 D - 6 scrolls of remove curse {unknown}
 G - 2 scrolls of enchant armour {unknown}
 O - a scroll of acquirement {unknown}
Potions
 l - a potion of might
 n - 6 potions of heal wounds {unknown}
 p - a potion of ambrosia {unknown}
 s - 2 potions of lignification {unknown}
 t - a potion of magic {unknown}
 x - 5 potions of curing {unknown}
 A - a potion of degeneration {unknown}
 B - 2 potions of flight {unknown}
 F - a potion of brilliance {unknown}
 H - a potion of mutation {unknown}
 I - a potion of cancellation {unknown}
 N - a potion of haste {unknown}
Comestibles
 c - 18 rations


   Skills:
 + Level 9.7 Fighting
 + Level 8.5 Axes
 + Level 9.3 Armour
 - Level 0.8 Dodging
 - Level 2.1 Invocations


You had 9 spell levels left.
You didn't know any spells.
Your spell library contained the following spells:

 Spells                   Type           Power        Failure   Level  Hunger
 Shock                    Conj/Air       #...         95%         1    ##.....
 Swiftness                Chrm/Air       #.......     98%         2    ###....
 Static Discharge         Conj/Air       #.......     100%        3    ####...
 Airstrike                Air            #.........   100%        4    #####..
 Lightning Bolt           Conj/Air       #.........   100%        5    ######.


Dungeon Overview and Level Annotations

Branches:
Dungeon (9/15)             Temple (0/1) D:7            Lair (0/6) D:8
    Orc: D:9-12

Altars:
Elyvilon
Gozag
Kikubaaqudgha
Nemelex Xobeh
Qazlal
Ru
Trog
Uskayaw
Vehumet
Xom
Zin

Shops:
D:6 (


Innate Abilities, Weirdness & Mutations

You cannot be hasted, slowed, berserked, paralysed or teleported.
You can dig through walls and to a lower floor.
Your four strong arms can wield two-handed weapons with a shield.
You have a pair of large antennae on your head. (SInv)


Message History

Your chain mail prevents you from hitting the troll.
The troll is severely wounded.
The troll bites you but does no damage.
The troll claws you but does no damage. x2
You hit the troll. You burn the troll.
The troll is severely wounded.
The troll bites you! The troll claws you!
* * * LOW HITPOINT WARNING * * *
The troll claws you!
* * * LOW HITPOINT WARNING * * *
You barely miss the troll.
The troll is severely wounded.
The troll closely misses you. The troll claws you but does no damage.
The troll claws you.
* * * LOW HITPOINT WARNING * * *
Space bends around you!
You blink.
The troll barely misses you. The troll claws you!
* * * LOW HITPOINT WARNING * * *
The troll closely misses you. The troll bites you!
You die...

#'## #.>.# #..# ##.###
##.# #..# ##.#####
####'## #......#
#.....###### #......#
###.....'.....
#......####.'.....######
#.....Y##...#.....#
#.....T@..###.....#
#......#### #.....#
#......# #.....#
######## #######


You could see a troll and an ice beast.

Vanquished Creatures
  Pikel (D:3)
  2 hippogriffs
  Menkaure (D:7)
  An orc warrior (D:9)
  A sky beast (D:7)
  A black bear (D:8)
  A phantom (D:7)
  An ice beast (D:7)
  A necrophage (D:8)
  5 ogres
  A centaur (D:9)
  A wolf (D:4)
  A bullfrog (D:3)
  4 scorpions
  A water moccasin skeleton (D:8)
  7 wights
  3 killer bees (D:8)
  3 crimson imps
  A centaur zombie (D:7)
  2 hounds
  A quasit (D:7)
  A jelly (D:7)
  4 orc wizards
  2 orc priests
  A bullfrog skeleton (D:7)
  An iguana (D:7)
  Natasha (thrice) (D:2)
  7 worker ants
  3 hound skeletons
  A worker ant zombie (D:6)
  4 adders
  3 gnolls (D:2)
  2 shadow imps
  An ooze (D:4)
  3 adder zombies
  2 adder skeletons
  4 worms
  A dart slug (D:1)
  4 leopard geckos
  33 orcs
  2 ball pythons
  4 giant cockroaches
  8 goblins
  A hobgoblin (D:1)
  6 jackals
  5 kobolds
  4 quokkas
  8 bats
  6 frilled lizards
  A jackal zombie (D:9)
  A leopard gecko skeleton (D:4)
  A leopard gecko zombie (D:9)
  A quokka skeleton (D:5)
  9 rats
177 creatures vanquished.

Notes
Turn   | Place    | Note
-------+----------+-------------------------------------------
     0 | Abyss:1  | Heliosone the Formicid Abyssal Knight began the quest for
                  | the Orb.
     0 | Abyss:1  | Reached XP level 1. HP: 18/18 MP: 2/2
    17 | Abyss:1  | Noticed an earth elemental
    28 | D:1      | Escaped the Abyss
   226 | D:1      | Reached XP level 2. HP: 21/24 MP: 3/3
   276 | D:1      | Reached * piety under Lugonu
   527 | D:1      | Reached XP level 3. HP: 14/30 MP: 4/4
  1513 | D:2      | Noticed Natasha
  1515 | D:2      | Killed Natasha
  1515 | D:2      | Reached XP level 4. HP: 37/37 MP: 5/5
  1515 | D:2      | Noticed Natasha
  1520 | D:2      | Killed Natasha
  1786 | D:2      | Noticed Natasha
  1793 | D:2      | Killed Natasha
  1793 | D:2      | Reached XP level 5. HP: 43/43 MP: 6/6
  1828 | D:2      | Found a white marble altar of Elyvilon.
  2423 | D:2      | Reached ** piety under Lugonu
  2576 | D:3      | Found a hide-covered altar of Uskayaw.
  2749 | D:3      | Noticed a bullfrog
  2765 | D:3      | Killed a bullfrog
  2765 | D:3      | Reached skill level 5 in Fighting
  2765 | D:3      | Reached XP level 6. HP: 19/51 MP: 7/7
  3716 | D:4      | Noticed an ogre
  3724 | D:4      | Killed an ogre
  3963 | D:4      | Noticed an ogre
  3976 | D:4      | Killed an ogre
  3976 | D:4      | Reached XP level 7. HP: 28/56 MP: 8/8
  4342 | D:4      | Reached skill level 5 in Armour
  5055 | D:4      | Noticed Pikel
  5156 | D:3      | Killed Pikel
  5156 | D:3      | Reached skill level 5 in Axes
  5156 | D:3      | Reached XP level 8. HP: 58/65 MP: 9/9
  5597 | D:5      | Entered Level 5 of the Dungeon
  6384 | D:5      | Found a bloodstained altar of Trog.
  6731 | D:6      | Reached XP level 9. HP: 72/72 MP: 10/10
  6972 | D:6      | Found Poczaypp's Antique Weapon Shoppe.
  7197 | D:6      | Reached *** piety under Lugonu
  7346 | D:6      | Found a stormy altar of Qazlal.
  7346 | D:6      | Found an ancient bone altar of Kikubaaqudgha.
  7347 | D:6      | Found an opulent altar of Gozag.
  7357 | D:6      | Found a sparkling altar of Nemelex Xobeh.
  7643 | D:7      | Found a staircase to the Ecumenical Temple.
  8152 | D:7      | Noticed Menkaure
  8167 | D:7      | Killed Menkaure
  8259 | D:7      | Found a glowing silver altar of Zin.
  8934 | D:7      | Found a shimmering altar of Xom.
  9559 | D:8      | Found a radiant altar of Vehumet.
  9614 | D:8      | Reached XP level 10. HP: 80/82 MP: 11/11
 10062 | D:8      | Found a staircase to the Lair.
 10541 | D:9      | Found a sacrificial altar of Ru.
 10987 | D:9      | Reached **** piety under Lugonu
 11139 | D:9      | HP: 3/84 [troll (7)]
 11140 | D:9      | Mangled by a troll

Levels and vault maps discovered:
D:1:      dpeg_arrival_shrine, layout_basic
D:2:      layout_basic, lemuel_round_altar, uniq_natasha
D:3:      layout_loops_cross, eat_drink_and_be_merry_uskayaw
D:4:      layout_basic, first_ration, minivault_5, uniq_pikel
D:5:      layout_rooms, kennysheep_mini, minmay_misc_feat_five,
          serial_bayou_lake_a
D:6:      layout_basic, nicolae_overflow_quartered_altars, serial_shops, shop
D:7:      layout_loops_cross, lemuel_doored_altar, temple_fountains,
          basic_altar, uniq_menkaure
D:8:      layout_basic, fiery_altar_vehumet, lair_entry_dummy, grunt_ogre_cave
D:9:      layout_roguey, nicolae_overflow_hidden_temple, tso_altar,
          hangedman_ru_absence

Skill      XL: |  1  2  3  4  5  6  7  8  9 10 |
---------------+-------------------------------+-----
Armour         | 3 4 6 8 9 |  9.3
Fighting       | 4 5 6 7 8 9 |  9.7
Axes           | 3 4 5 6 7 8 |  8.5
Dodging        | |  0.8
Invocations    | |  2.1

Action                   |  1- 3 |  4- 6 |  7- 9 | 10-12 || total
-------------------------+-------+-------+-------+-------++-------
Melee: Hand axe          |    47 |    84 |   113 |       ||   244
       War axe           |       |       |   229 |   101 ||   330
 Fire: Hunting sling     |    75 |    91 |    62 |       ||   228
Invok: Depart the Abyss  |     1 |       |       |       ||     1
       Bend Space        |       |       |       |     1 ||     1
Evoke: Wand              |       |       |     3 |       ||     3
  Eat: Chunk             |     2 |     7 |     7 |     2 ||    18
       Ration            |       |       |     3 |     1 ||     4
Armor: Leather armour    |    19 |     5 |       |       ||    24
       Skin              |       |     4 |       |       ||     4
       Chain mail        |       |    47 |   227 |    66 ||   340
Dodge: Dodged            |    49 |    31 |   169 |    49 ||   298

Table legend:
 A = Non-vault XP
 B = Vault XP
 C = Vault XP percentage of total XP
 D = Non-vault monster count
 E = Vault monster count
 F = Vault count percentage of total count
                 A         B        C        D         E       F
            +---------+---------+-------+---------+---------+-------
      Total |    4462 |     950 |  17.6 |     173 |       4 |   2.3
            +---------+---------+-------+---------+---------+-------
        D:1 |      52 |       0 |   0.0 |      32 |       0 |   0.0
        D:2 |     142 |      33 |  18.9 |      18 |       1 |   5.3
        D:3 |     152 |     629 |  80.5 |      16 |       1 |   5.9
        D:4 |     561 |       0 |   0.0 |      24 |       0 |   0.0
        D:5 |     405 |       0 |   0.0 |      14 |       0 |   0.0
        D:6 |     391 |       0 |   0.0 |      12 |       0 |   0.0
        D:7 |    1016 |     172 |  14.5 |      22 |       1 |   4.3
        D:8 |    1048 |     116 |  10.0 |      19 |       1 |   5.0
        D:9 |     695 |       0 |   0.0 |      16 |       0 |   0.0
            +---------+---------+-------+---------+---------+-------
